woodfighter, chaotic female orcish Cavewoman ---- ------- ---- ---- |..| --- ---..|..| |..| --..--- |..| --.-- |.......| |..| |.....| ---- ---- --.-- |...| ---......-- |..--- --....----..--- |..------..----|..-- |........| |....| |............| |...^*........--.-- --........-- ---..-------------...........| ----------.......| --.......|..| |.........................-- ----....[.-----.......----- |..|[--...--------.--.....-- --.|....).)*.)..........| --- |--|.....-- |.----....| |....)...-------........--- --.---.---....-- |... |...-- -----...-----.|.......|...| |...|.....j....| ---.--.--- --..---......)....|--.---|..........--..---- -- |....- |...............-- |...|----...|...||.....-- |....<.- --...........--.- ---.--- |...|..G--......| -......... --........).||.. |...| |...ddhd.......--|....----...... -----.--...|--.. ---.----..d@d......--- --..- ....| -------- -..- |.*.||-...d......| |. ...- --- ---..--..........-- -- .... |......)...--...-- .... --------.-------- --.- --- -- woodfighter the Young Cave Woman Experience level: 6 Strength: 18/01 Dexterity: 14 Constitution: 18 Intelligence: 7 Wisdom: 9 Charisma: 6 Health: 0(59) Energy: 18(18) Def: 2 Gold: 294 Moves: 2297 Dungeon seed: V89eYMb4xBqsmxwT Game ID: woodfighter_1474883931 Your Inventory: Coins $ - 294 gold pieces Weapons a - a +1 club (weapon in hand) b - a blessed +2 sling (alternate weapon; not wielded) B - 11 +0 arrows C - a +0 bow Armor n - an uncursed +0 orcish helm q - an uncursed +0 leather armor (being worn) r - an uncursed +0 dwarvish cloak y - a blessed +0 pair of iron shoes z - a cursed -1 dwarvish cloak F - an uncursed +0 dwarvish cloak H - an uncursed +0 dwarvish iron helm M - an uncursed +0 dwarvish cloak N - an uncursed +0 dwarvish cloak Q - an uncursed +0 dwarvish cloak Y - an uncursed +0 dwarvish cloak Comestibles c - an uncursed tin of newt meat d - an uncursed food ration h - an uncursed lichen corpse k - an uncursed fortune cookie l - an uncursed sprig of wolfsbane L - an uncursed lizard corpse P - an uncursed tin of puppy meat Scrolls j - 2 uncursed scrolls of light o - a cursed scroll of teleportation D - an uncursed scroll of enchant armor Potions f - an uncursed potion of speed g - an uncursed potion of gain ability v - a blessed potion of full healing J - an uncursed potion of monster detection Wands m - a wand of striking (0:5) p - a wand of teleportation (0:6) s - a wand of light (0:15) w - a wand of speed monster (0:8) x - a wand of striking (0:3) G - a wand of magic missile (0:7) I - a wand of light (0:14) Tools t - 4 uncursed tallow candles (0:200) A - an uncursed partly used wax candle (0:96) K - an uncursed brass lantern (0:1211) O - a +0 pick-axe Gems e - 13 uncursed flints (in quiver) Spells and supernatural/magical abilities: Name Level Category Fail Memory W - pray for help -- divine ? -- Your skills at the end: Miscellaneous Skills bare handed combat [Basic] stealth [Basic] Weapon Skills scimitar [Basic] club [Basic] sling [Basic] Spellcasting Skills Final Attributes: You were piously aligned. You were poison resistant. You had infravision. You were somewhat stealthy. You are dead. Vanquished creatures: a lizard 2 gnome kings a fog cloud a shrieker 4 gnome lords 2 gnomish wizards a gray ooze a straw golem 7 dwarves 2 coyotes a hobbit a hobgoblin a giant rat a cave spider a brown mold a yellow mold a green mold 21 gnomes 2 garter snakes a fox 4 newts a goblin 2 sewer rats 7 grid bugs 4 lichens a kobold zombie 72 creatures vanquished. Voluntary challenges: You did not adorn yourself with jewelry or accessories. You did not cause conflict. You were not invisible. You did not have reflection. You were not displaced. You had been an atheist until turn 2292. You used a wielded weapon 100 times, starting on turn 3. You did not apply a unicorn horn. You did not use plumbed fixtures. You did not drink any magical draughts. You were illiterate. You never genocided any monsters. You never polymorphed an object. You never changed form. You used no wishes. You never split a pudding. You never wrote Elbereth's name. You never violated your personal moral code. Dungeon overview: The Dungeons of Doom: levels 1 to 4 Level 1 (locked box) a long staircase Level 2 (vault + open water) a general store Level 3 stairs to The Gnomish Mines Level 4 The Gnomish Mines: levels 4 to 8 Level 4 stairs to The Dungeons of Doom Level 5 Level 7 a temple to Anu, some fountains Level 8 <- You were here History has recorded: On T:1 you entered the Dungeons of Doom to retrieve the Amulet of Yendor! On T:157 you reached level 2 of The Dungeons of Doom. On T:358 you advanced to experience level 2. On T:535 you reached level 3 of The Dungeons of Doom. On T:648 you advanced to experience level 3. On T:1134 you reached level 4 of The Dungeons of Doom. On T:1271 you reached level 1 of The Gnomish Mines. On T:1401 you advanced to experience level 4. On T:1559 you advanced to experience level 5. On T:1636 you reached level 2 of The Gnomish Mines. On T:1936 you reached level 5 of The Gnomish Mines. On T:1998 you advanced to experience level 6. On T:2148 you reached level 4 of The Gnomish Mines. On T:2251 you entered the Minetown temple On T:2292 you prayed to Anshar. Score breakdown: Gold: 294 ( 29 points) Experience: 6 levels ( 500 points) Exploration: 8 levels ( 210 points) Discoveries: 20 items ( 1000 points) Variety of kills: 26 monsters ( 1300 points) Major goal: reached Minetown ( 500 points) Survival: died (score multiplied by 3) Total score: 10617 Latest messages: You hit the werewolf! The werewolf bites! The dwarf thrusts his stout spear at the cavewoman. The dwarf jabs you! You begin praying to Anshar. You are surrounded by a shimmering light. The werewolf starts to attack you, but pulls back. The werewolf summons help! The werewolf starts to attack you, but pulls back. The dwarf starts to attack you, but pulls back. The wolf starts to attack you, but pulls back. (3x) The werewolf starts to attack you, but pulls back. You feel that Anshar is well-pleased. You feel much better. You feel purified. You hit the wolf! The wolf bites! (3x) The werewolf bites! The dwarf thrusts his stout spear at the cavewoman. The dwarf jabs you! You hit the wolf! The wolf bites! (3x) The werewolf bites! You hit the wolf! The wolf bites! (2x) You die... Final status: Goodbye woodfighter the Cavewoman, killed by a wolf... You died in The Gnomish Mines on dungeon level 8 with 10617 points, and 294 pieces of gold, after 2297 moves. You were level 6 with a maximum of 59 hit points when you died.